 Dungeon Crawl Stone Soup version 0.23.2-30-g0e89c35649 (webtiles) character file.

Game seed: 0

118 JustSomeDude the Skirmisher (level 4, -1/36 HPs)
             Began as a Demonspawn Fighter on Mar 6, 2019.
             Slain by an orc priest
             ... wielding a cursed -3 whip
              (3 damage)
             ... on level 3 of the Dungeon on June 18, 2019.
             The game lasted 00:03:52 (954 turns).

JustSomeDude the Skirmisher (Demonspawn Fighter)     Turns: 954, Time: 00:03:53

Health: -1/36      AC:  8    Str: 17    XL:     4   Next: 72%
Magic:  4/4        EV:  7    Int:  9    God:
Gold:   60         SH:  9    Dex: 13    Spells: 3/3 levels left

rFire    . . .     SeeInvis .   a - +0 trident
rCold    . . .     Gourm    .   c - +0 shield
rNeg     . . .     Faith    .   b - +0 scale mail
rPois    .         Spirit   .   (helmet restricted)
rElec    .         Reflect  .   (no cloak)
rCorr    .         Harm     .   (no gloves)
MR       .....                  (no boots)
Stlth    ..........             (no amulet)
HPRegen  0.12/turn              (no ring)
MPRegen  0.09/turn              (no ring)

@: no status effects
A: antennae 1, iridescent scales 1
a: no special abilities


You were on level 3 of the Dungeon.
You were not hungry.

You visited 1 branch of the dungeon, and saw 3 of its levels.

You collected 60 gold pieces.

Inventory:

Hand Weapons
 a - a +0 trident (weapon)
Armour
 b - a +0 scale mail (worn)
 c - a +0 shield (worn)
Jewellery
 g - an uncursed ring of see invisible {unknown}
Scrolls
 d - a scroll of enchant armour {unknown}
 e - a scroll of random uselessness {unknown}
 i - a scroll of blinking {unknown}
 j - a scroll of teleportation {unknown}
 k - 2 scrolls of amnesia {unknown}
 n - a scroll of identify {unknown}
 o - 2 scrolls of remove curse {unknown}
 p - a scroll of noise {unknown}
Potions
 h - a potion of degeneration {unknown}
Comestibles
 f - 7 rations
 m - 9 chunks of flesh


   Skills:
 + Level 3.6 Fighting
 + Level 2.7 Polearms
 + Level 3.3 Armour
 + Level 0.6 Dodging
 + Level 3.3 Shields


You had 3 spell levels left.
You didn't know any spells.
Your spell library was empty.

Dungeon Overview and Level Annotations

Branches:
Dungeon (3/15)

Altars:


Innate Abilities, Weirdness & Mutations

You have a pair of small antennae on your head.
You are partially covered in iridescent scales. (AC +2)


Message History

The orc wizard points at you and mumbles some strange words.
The magic dart hits you.
You barely miss the orc priest. You block the orc wizard's attack.
The orc priest hits you but does no damage.
You hit the orc priest but do no damage.
The orc wizard casts a spell at you. The magic dart hits you.
The orc wizard hits you but does no damage.
You block the orc priest's attack.
Your shield and scale mail prevent you from hitting the orc priest.
The orc wizard points at you and mumbles some strange words.
The puff of flame hits you!
* * * LOW HITPOINT WARNING * * *
The orc priest hits you but does no damage.
The orc wizard hits you but does no damage.
You hit the orc priest but do no damage.
The orc wizard hits you with a +0 dagger.
* * * LOW HITPOINT WARNING * * *
The orc priest hits you with a cursed -3 whip.
You die...

#...(...# #...(...#
#.......# #.#
#...)...# #.#
#.......# #.#
####.#### #.# #.#
#.# #.# #.########
###.#### #..@o....#
#......####..#o..#.#
#.#...........###..#
#......#.#####..# .#
###.#.##.# #..#
#.#.##.# #.#.. #
...#.# #.....
......# ####.## ##.(
### .#


You could see an orc priest and an orc wizard.

Vanquished Creatures
  An orc priest (D:3)
  Terence (D:2)
  An ooze (D:1)
  A worm (D:2)
  2 dart slugs (D:1)
  5 orcs (D:3)
  3 bats
  2 giant cockroaches
  3 goblins (D:1)
  3 hobgoblins
  10 jackals
  3 frilled lizards
  4 kobolds
  4 rats
43 creatures vanquished.

Notes
Turn   | Place    | Note
-------+----------+-------------------------------------------
     0 | D:1      | JustSomeDude the Demonspawn Fighter began the quest for the
                  | Orb.
     0 | D:1      | Reached XP level 1. HP: 18/18 MP: 1/1
    70 | D:1      | Gained mutation: You are partially covered in iridescent
                  | scales. (AC +2) [demonic ancestry]
    70 | D:1      | Reached XP level 2. HP: 23/24 MP: 2/2
   377 | D:1      | Gained mutation: You have a pair of small antennae on your
                  | head. [demonic ancestry]
   377 | D:1      | Reached XP level 3. HP: 18/29 MP: 3/3
   680 | D:2      | Noticed Terence
   697 | D:2      | Killed Terence
   697 | D:2      | Reached XP level 4. HP: 12/35 MP: 4/4
   804 | D:2      | Upgraded the game from 0.23.1 to 0.23.2-30-g0e89c35649
   954 | D:3      | Slain by an orc priest

Skill      XL: |  1  2 |
---------------+-------+-----
Polearms       | 2 |  2.7
Shields        | 3 |  3.3
Armour         | 3 |  3.3
Fighting       | |  3.6
Dodging        | |  0.6

Action                   |  1- 3 |  4- 6 || total
-------------------------+-------+-------++-------
Melee: Trident           |   127 |    60 ||   187
  Use: Potion            |     1 |     2 ||     3
  Eat: Chunk             |       |     1 ||     1
Armor: Scale mail        |    43 |    46 ||    89
Dodge: Dodged            |    29 |    20 ||    49
Block: Shield            |    45 |    44 ||    89
